 Dungeon Crawl Stone Soup version 0.19.1 (webtiles) character file.

1479 Leibowitz the Sneak (level 8, -3/63 HPs)
             Began as a Demigod Gladiator on Nov 23, 2016.
             Splashed by a jelly's acid (8 damage)
             ... on level 6 of the Dungeon.
             The game lasted 00:20:06 (6986 turns).

Leibowitz the Sneak (Demigod Gladiator)             Turns: 6986, Time: 00:20:09

Health: -3/63      AC: -9    Str: 18    XL:     8   Next: 25%
Magic:  10/10      EV: 15    Int: 12    God:
Gold:   387        SH:  0    Dex: 20    Spells: 0 memorised, 7 levels left

rFire  . . .     SeeInvis +     a - +4 dagger
rCold  + . .     Gourm    +     b - +0 leather armour
rNeg   . . .     Faith    .     (no shield)
rPois  .         Spirit   .     c - +0 helmet
rElec  .         Reflect  .     (no cloak)
rCorr  .         Harm     .     x - +1 pair of gloves
MR     .....                    (no boots)
Stlth  +++.......               e - amulet of the gourmand
                                u - ring of see invisible
                                q - ring of protection from cold

@: corroded
A: high mp 1
a: no special abilities


You were on level 6 of the Dungeon.
You were completely stuffed.

You visited 1 branch of the dungeon, and saw 6 of its levels.
You also visited: Sewer.

You collected 387 gold pieces.

Inventory:

Hand Weapons
 a - a +4 dagger (weapon)
 g - a +0 rapier
 l - a +0 dagger of freezing
Missiles
 d - a throwing net (quivered)
 s - 26 poisoned needles
 v - 5 needles of sleeping
Armour
 b - a +0 leather armour (worn)
 c - a +0 helmet (worn)
 x - a +1 pair of gloves (worn)
Jewellery
 e - an amulet of the gourmand (around neck)
 q - a ring of protection from cold (left hand)
 u - a ring of see invisible (right hand)
Scrolls
 h - 5 scrolls of identify
 i - a scroll of immolation
 j - 2 scrolls of recharging
 m - a scroll of fog
 n - 5 scrolls of magic mapping
 r - a scroll of remove curse
 t - a scroll of amnesia
 z - 5 scrolls of teleportation
Potions
 o - a potion of lignification
 p - 2 potions of agility
 A - 2 potions of might
 B - a potion of magic
 C - 2 potions of haste
 D - 3 potions of curing
Comestibles
 f - 6 bread rations
 k - 3 beef jerkies
 w - a slice of pizza


   Skills:
 + Level 3.3 Fighting
 + Level 5.7 Short Blades
 + Level 2.0 Throwing
 + Level 3.3 Armour
 * Level 4.8 Dodging
 * Level 5.8 Stealth


You had 7 spell levels left.
You didn't know any spells.

Dungeon Overview and Level Annotations

Branches:
Dungeon (6/15)             Temple (0/1) D:5


Innate Abilities, Weirdness & Mutations

You have an increased reservoir of magic. (+10% MP)


Message History

You completely miss the jelly.
The jelly is almost dead.
The jelly closely misses you.
You completely miss the jelly.
The jelly is almost dead.
You hit the jelly but do no damage.
Your hands burn!
The jelly is almost dead.
The jelly hits you.
You are splashed with acid!
The acid burns!
* * * LOW HITPOINT WARNING * * *
You hit the jelly but do no damage.
Your hands burn!
* * * LOW HITPOINT WARNING * * *
The jelly is almost dead.
The jelly barely misses you.
You hit the jelly but do no damage.
Your hands burn!
* * * LOW HITPOINT WARNING * * *
The jelly is almost dead.
The jelly hits you.
* * * LOW HITPOINT WARNING * * *
You are splashed with acid!
The acid burns!
You die...

#...###### #..#≈ #...#
#..#≈ #.).# #..## #...#
#...# #...# ########..##
##.## #.........#≈ #.#
#.........##
######.########...........
#.......oJ@.........§§.....
.?...##.########....§§....#
.... #.# #..........# ...
... ..............# .. o.?.
####..........# . ...#.
#...........# .o.. ..
#..####...#### .o... ...#
###..### ### ##..##


You could see a jelly and an orc.

Vanquished Creatures
  3 ogres
  4 bullfrogs
  A centaur zombie (D:6)
  A bullfrog zombie (D:5)
  2 hounds (D:5)
  6 orc wizards
  6 orc priests
  A jelly (D:5)
  3 worker ants
  Robin (D:2)
  A howler monkey skeleton (D:4)
  9 gnolls
  8 adders
  8 river rats
  A shadow imp (D:5)
  3 oozes
  An adder zombie (D:5)
  2 adder skeletons
  A worm (D:6)
  3 dart slugs (D:2)
  4 leopard geckos
  14 orcs
  12 ball pythons (Sewer)
  4 bats
  A giant cockroach (D:1)
  8 hobgoblins
  10 jackals
  A quokka (D:4)
  7 frilled lizards
  11 goblins
  8 kobolds
  A leopard gecko zombie (D:6)
  30 rats
176 creatures vanquished.

Notes
Turn   | Place    | Note
-------+----------+-------------------------------------------
     0 | D:1      | Leibowitz the Demigod Gladiator began the quest for the Orb.
     0 | D:1      | Reached XP level 1. HP: 17/17 MP: 3/3
   136 | D:1      | Reached skill level 1 in Stealth
   136 | D:1      | Reached XP level 2. HP: 13/24 MP: 4/4
  1185 | D:2      | Reached XP level 3. HP: 29/29 MP: 5/5
  1309 | D:2      | Noticed Robin
  1342 | D:2      | Killed Robin
  1706 | D:2      | Reached XP level 4. HP: 34/36 MP: 6/6
  1852 | D:2      | Reached skill level 1 in Armour
  2152 | D:3      | Reached XP level 5. HP: 16/41 MP: 7/7
  2951 | D:2      | Reached XP level 6. HP: 50/50 MP: 8/8
  3651 | D:4      | Found a deep blue altar of Sif Muna.
  3655 | D:4      | Gained mutation: You passively map a small area around you. [potion of mutation]
  3655 | D:4      | Lost mutation: You passively map a small area around you. [potion of mutation]
  3655 | D:4      | Gained mutation: You possess an exceptional clarity of mind. [potion of mutation]
  4109 | D:4      | Reached XP level 7. HP: 39/56 MP: 9/9
  4420 | D:5      | Entered Level 5 of the Dungeon
  4933 | D:5      | Reached skill level 5 in Short Blades
  4933 | D:5      | Reached skill level 5 in Stealth
  4975 | D:5      | Found a staircase to the Ecumenical Temple.
  5448 | D:6      | Found a glowing drain.
  5452 | Sewer    | Entered a sewer
  6103 | Sewer    | Lost mutation: You possess an exceptional clarity of mind. [potion of cure mutation]
  6144 | Sewer    | Reached XP level 8. HP: 63/63 MP: 10/10
  6986 | D:6      | Splashed by a jelly's acid

Skill      XL: |  1  2  3  4  5  6  7  8 |
---------------+-------------------------+-----
Stealth        | 1 2 3 4 5 |  5.8
Fighting       | 2 3 |  3.3
Dodging        | 3 4 |  4.8
Short Blades   | 3 4 5 |  5.7
Throwing       | 2 |  2.0
Armour         | 1 2 3 |  3.3

Action                   |  1- 3 |  4- 6 |  7- 9 || total
-------------------------+-------+-------+-------++-------
Melee: Rapier            |    30 |    19 |       ||    49
       Dagger            |    91 |   186 |   330 ||   607
Throw: Throwing net      |       |       |     2 ||     2
  Use: Potion            |       |    12 |     9 ||    21
       Scroll            |       |     4 |     7 ||    11
 Stab: Sleeping          |     4 |     5 |     8 ||    17
       Invisible         |       |     6 |       ||     6
       Distracted        |       |     1 |       ||     1
       Held in net/web   |       |       |     1 ||     1
  Eat: Chunk             |    13 |     8 |    11 ||    32
Armor: Leather armour    |    28 |    20 |    63 ||   111
       Skin              |       |       |    18 ||    18
Dodge: Dodged            |    63 |   108 |   281 ||   452
